 Dungeon Crawl Stone Soup version 0.28.0-62-gf88900778d (webtiles) character file.

Game seed: 5812627029029322445

7023 cbfl8 the Cleaver (level 10, -5/90 HPs)
             Began as a Minotaur Fighter on Mar 10, 2024.
             Was an Initiate of Hepliaklqana.
             Slain by a two-headed ogre
             ... wielding a +0 giant club
              (6 damage)
             ... on level 7 of the Dungeon.
             The game lasted 00:10:45 (10373 turns).

cbfl8 the Cleaver (Minotaur Fighter)               Turns: 10373, Time: 00:10:46

Health: -5/90      AC: 19    Str: 21    XL:     10   Next: 82%
Magic:  9/9        EV:  6    Int:  5    God:    Hepliaklqana [......]
Gold:   274        SH:  6    Dex: 20    Spells: 9/9 levels left

rFire   . . .      SeeInvis .   y - +0 broad axe
rCold   . . .      Faith    .   c - +0 buckler
rNeg    . . .      Spirit   .   v - +2 plate armour {rPois}
rPois   +          Reflect  .   (helmet restricted)
rElec   .          Harm     .   (no cloak)
rCorr   .          Rampage  .   b - +0 pair of gloves
Will    .....                   d - +0 pair of boots
Stlth   ..........              (no amulet)
HPRegen 0.25/turn               w - +6 ring of dexterity
MPRegen 0.11/turn               (no ring)

@: no status effects
A: horns 2, retaliatory headbutt
a: Renounce Religion


You were on level 7 of the Dungeon.
You worshipped Hepliaklqana.
Hepliaklqana was noncommittal.
You visited 2 branches of the dungeon, and saw 9 of its levels.
You also visited: Ossuary and Bailey.

You collected 274 gold pieces.

Inventory:

Hand Weapons
 a - a +1 war axe
 y - a +0 broad axe (weapon)
Missiles
 x - 2 throwing nets (quivered)
Armour
 b - a +0 pair of gloves (worn)
 c - a +0 buckler (worn)
 d - a +0 pair of boots (worn)
 v - a +2 plate armour of poison resistance (worn)
Jewellery
 w - a +6 ring of dexterity (left hand)
Wands
 p - a wand of polymorph (6)
Scrolls
 e - 3 scrolls of teleportation
 f - a scroll of noise
 g - 5 scrolls of blinking
 h - 2 scrolls of magic mapping
 k - 3 scrolls of enchant weapon
 n - 2 scrolls of fog
 t - a scroll of amnesia {unknown}
 u - a scroll of vulnerability {unknown}
 z - a scroll of summoning {unknown}
 A - a scroll of torment {unknown}
Potions
 i - 2 potions of flight
 j - 2 potions of heal wounds {unknown}
 m - a potion of attraction {unknown}
 q - 2 potions of haste {unknown}
 r - a potion of invisibility {unknown}
 s - a potion of cancellation {unknown}


   Skills:
 + Level 8.4 Fighting
 + Level 12.5 Axes
 + Level 9.9 Armour
 + Level 6.4 Shields
 * Level 6.7 Evocations


You had 9 spell levels left.
You didn't know any spells.
Your spell library contained the following spells:

 Spells                   Type           Power      Damage    Failure   Level
 Foxfire                  Conj/Fire      0%         2x1d4     100%        1
 Conjure Flame            Conj/Fire      0%         6-21      100%        3
 Inner Flame              Hex/Fire       0%         N/A       100%        3
 Flame Wave               Conj/Fire      0%         2d4       100%        4


Dungeon Overview and Level Annotations

Branches:
Dungeon (8/15)             Temple (1/1) D:7            Lair (0/6) D:8
Ossuary (visited)          Bailey (visited)

Altars:
Ashenzari
Cheibriados
Dithmenos
Elyvilon
Gozag
Hepliaklqana
Makhleb
Nemelex Xobeh
Okawaru
Qazlal
Ru
Trog
Uskayaw
Vehumet
Xom
Yredelemnul
Zin
The Shining One


Innate Abilities, Weirdness & Mutations

You have a pair of horns on your head.
You reflexively headbutt those who attack you in melee.


Message History

You hit the two-headed ogre. You headbutt the two-headed ogre!
The two-headed ogre is heavily wounded.
You block the two-headed ogre's attack.
The two-headed ogre hits you with a +0 giant spiked club!
You barely miss the two-headed ogre.
The two-headed ogre is heavily wounded.
You slash the two-headed ogre!
The two-headed ogre is severely wounded.
The two-headed ogre hits you with a +0 giant club!!
* * * LOW HITPOINT WARNING * * *
The two-headed ogre hits you but does no damage.
Okay, then.
Blink to where?
Press: ? - help, Dir - move target
As you read the scroll of blinking, it crumbles to dust.
You feel better.
You are confused.
You feel invigorated.
You bump into the rock wall.
You bump into the rock wall.
You're too confused to move!
You're too confused to move!
You bump into the rock wall.
You feel less invigorated.
You feel less confused. The two-headed ogre barely misses you.
You block the two-headed ogre's attack.
You hit the two-headed ogre.
The two-headed ogre is severely wounded.
The two-headed ogre hits you with a +0 giant club!!
The two-headed ogre hits you with a +0 giant spiked club.
You slash the two-headed ogre!
The two-headed ogre is almost dead.
The two-headed ogre hits you with a +0 giant club!
The two-headed ogre hits you with a +0 giant spiked club!
* * * LOW HITPOINT WARNING * * *
You barely miss the two-headed ogre.
The two-headed ogre is almost dead.
The two-headed ogre hits you with a +0 giant club!!
* * * LOW HITPOINT WARNING * * *
The two-headed ogre hits you with a +0 giant spiked club.
You die...

####### #.....# ######.###.###
################
.........#...#####.........#.....
......§.....)..O@'.........'.....
.#####.#...#.#####.........#.....
.......#..##.# ##.........#.....
.#..##.#.....# #..........#.....
.#..##.##.#### #.....######....#
.#........#######.....# ######
.##.#..####...........#
.##.#....#...≈≈≈≈≈....#####
.##.##.#.#.#.≈...≈........#


You could see a two-headed ogre.

Vanquished Creatures
  Harold (D:7)
  2 vault guards (Bailey)
  Pikel (D:4)
  Joseph (D:7)
  Prince Ribbit (Bailey)
  4 humans (Bailey)
  A vampire mosquito (D:7)
  An ice beast (D:6)
  An orc warrior (Bailey)
  3 ogres
  A centaur (D:6)
  A lemure (D:5)
  A kobold brigand (D:5)
  A phantom (D:5)
  15 bullfrogs
  An elf zombie (Ossuary)
  A gnoll sergeant (D:8)
  4 scorpions
  A wyvern skeleton (D:6)
  A water moccasin zombie (D:5)
  A water moccasin skeleton (D:5)
  9 killer bees (D:8)
  A howler monkey (D:6)
  3 centaur zombies
  3 hounds (D:5)
  A bullfrog skeleton (D:5)
  A bullfrog zombie (D:7)
  2 human zombies (Ossuary)
  An orc priest (D:3)
  2 gnoll shamans
  A centaur skeleton (D:4)
  Ijyb (D:4)
  4 iguanas
  An orc wizard (D:4)
  A killer bee zombie (D:8)
  2 mummies (Ossuary)
  13 adders
  12 gnolls
  A howler monkey skeleton (D:5)
  2 shadow imps (D:7)
  2 adder zombies (Ossuary)
  2 adder skeletons (D:2)
  A dart slug (D:5)
  6 orcs
  5 bats
  A bat zombie (D:2)
  8 endoplasms
  3 giant cockroaches
  13 goblins
  5 hobgoblins
  17 kobolds
  A quokka (D:4)
  11 ball pythons
  7 frilled lizards
  2 goblin zombies (Ossuary)
  11 hobgoblin zombies (Ossuary)
  9 kobold zombies (Ossuary)
  8 orc zombies (Ossuary)
  A quokka skeleton (D:2)
  10 rats
228 creatures vanquished.

Vanquished Creatures (others)
  5 plants (D:3)
5 creatures vanquished.

Grand Total: 233 creatures vanquished

Notes
Turn   | Place    | Note
-------+----------+-------------------------------------------
     0 | D:1      | cbfl8 the Minotaur Fighter began the quest for the Orb.
     0 | D:1      | Reached XP level 1. HP: 19/19 MP: 0/0
   277 | D:1      | Reached XP level 2. HP: 6/27 MP: 1/1
   589 | D:1      | Reached skill level 1 in Evocations
   589 | D:1      | Reached XP level 3. HP: 4/33 MP: 2/2
  1609 | D:1      | Reached skill level 3 in Axes
  1718 | D:2      | Reached XP level 4. HP: 40/40 MP: 3/3
  1926 | D:2      | Found a faded altar of an unknown god.
  2150 | D:2      | Reached XP level 5. HP: 36/46 MP: 4/4
  2291 | D:2      | Reached skill level 4 in Axes
  3157 | D:3      | Found an iron altar of Okawaru.
  3157 | D:3      | Found a broken altar of Ashenzari.
  3164 | D:3      | Found a bloodstained altar of Trog.
  3166 | D:3      | Found a hide-covered altar of Uskayaw.
  3168 | D:3      | Found a snail-covered altar of Cheibriados.
  3289 | D:4      | Noticed Ijyb
  3343 | D:4      | Killed Ijyb
  3593 | D:4      | Reached skill level 5 in Armour
  3593 | D:4      | Reached XP level 6. HP: 50/53 MP: 5/5
  3630 | D:4      | HP: 1/53 [poisoned by a scorpion]
  4223 | D:4      | Reached skill level 5 in Axes
  5039 | D:5      | Entered Level 5 of the Dungeon
  5057 | D:5      | Noticed Pikel
  5099 | D:4      | Killed Pikel
  5100 | D:4      | Reached skill level 5 in Fighting
  5100 | D:4      | Reached skill level 6 in Axes
  5100 | D:4      | Reached XP level 7. HP: 20/61 MP: 6/6
  5565 | D:5      | Reached skill level 7 in Axes
  5565 | D:5      | Reached XP level 8. HP: 60/68 MP: 7/7
  5831 | D:5      | Reached skill level 8 in Axes
  6208 | D:5      | Found a burning altar of Makhleb.
  6263 | D:5      | Found a glowing golden altar of the Shining One.
  6269 | D:5      | Reached skill level 5 in Shields
  6686 | D:6      | Reached skill level 9 in Axes
  6704 | D:6      | Reached XP level 9. HP: 53/75 MP: 8/8
  6728 | D:7      | Found a sand-covered staircase.
  6743 | Ossuary  | Entered an ossuary
  7062 | D:7      | Found a staircase to the Ecumenical Temple.
  7110 | D:7      | Found a flagged portal.
  7120 | D:7      | Reached skill level 5 in Evocations
  7127 | Bailey   | Entered a bailey
  7155 | Bailey   | Reached skill level 10 in Axes
  7247 | Bailey   | Reached skill level 11 in Axes
  7452 | Bailey   | Reached XP level 10. HP: 34/86 MP: 9/9
  7676 | Bailey   | Noticed Prince Ribbit
  7676 | Bailey   | Noticed a vault guard
  7686 | Bailey   | Killed Prince Ribbit
  7690 | Bailey   | Killed a vault guard
  7874 | Bailey   | Noticed a vault guard
  7890 | Bailey   | Killed a vault guard
  7891 | Bailey   | Reached skill level 12 in Axes
  8234 | D:7      | Noticed Harold
  8241 | Temple   | Entered the Ecumenical Temple
  8620 | Temple   | Became a worshipper of Hepliaklqana the Forgotten
  8661 | D:7      | Killed Harold
  9089 | D:7      | Noticed Joseph
  9099 | D:7      | Killed Joseph
  9884 | D:8      | Found a staircase to the Lair.
  9901 | D:8      | Noticed a two-headed ogre
 10373 | D:7      | HP: 1/90 [two-headed ogre/+0 giant club (20)]
 10373 | D:7      | Slain by a two-headed ogre

Illustrated notes

Levels and vault maps discovered:
D:1:      amcnicky_arrival_abandoned_market, layout_basic,
          kennysheep_minor_cross, minmay_tetromino_t2
D:2:      layout_basic, chequers_ecumenical_altar_grove, serial_undead,
          serial_undead_d, serial_undead_e, serial_undead_c, serial_undead_f,
          serial_undead_e, minmay_snake_closets
D:3:      layout_rooms, chequers_temple_overflow_minitemple,
          ebering_dispersal_statue_hall, serial_bayou_pond_c,
          kennysheep_generic_room_15
D:4:      kennysheep_six_static_rooms, layout_gridville,
          minmay_misc_feat_pillars, uniq_ijyb
D:5:      layout_loops_ring, mainiacjoe_overflow_two_lobes, uniq_pikel
D:6:      cheibrodos_fzero, layout_layer_cave
D:7:      layout_basic, minmay_temple_entry_antechambers, enter_ossuary_1,
          enter_bailey_5, uniq_harold, uniq_joseph
D:8:      layout_rooms, lair_entry_dummy, serial_curves, eino_curves_02,
          eino_curves_01, small_statue_intersection
Temple:   jpeg_temple_clearing

Skill      XL: |  1  2  3  4  5  6  7  8  9 10 |
---------------+-------------------------------+-----
Armour         | 4 5 6 7 8 9 |  9.9
Fighting       | 4 5 6 7 8 |  8.4
Evocations     | 1 2 3 4 5 6 |  6.7
Shields        | 4 5 6 |  6.4
Axes           | 3 4 6 7 9 11 12 | 12.5

Action                   |  1- 3 |  4- 6 |  7- 9 | 10-12 || total
-------------------------+-------+-------+-------+-------++-------
Melee: War axe           |    81 |   144 |   234 |     3 ||   462
       Headbutt          |     5 |    21 |    60 |    23 ||   109
       Broad axe         |       |       |       |    94 ||    94
Throw: Throwing net      |       |       |       |     1 ||     1
Evoke: Wand              |       |     5 |     2 |     9 ||    16
  Use: Scroll            |       |    10 |     2 |     2 ||    14
       Potion            |       |     5 |     1 |     3 ||     9
 Stab: Held in net/web   |       |       |       |     2 ||     2
Armor: Scale mail        |    45 |    47 |       |       ||    92
       Plate armour      |       |    46 |   199 |    75 ||   320
Dodge: Dodged            |    47 |    57 |    88 |    48 ||   240
Block: Buckler           |    23 |    36 |    92 |    55 ||   206
